 Dungeon Crawl Stone Soup version 0.26.0-8-g74fc34ddfb (webtiles) character file.

Game seed: 13736524938713609799

665 Froggeryz the Basher (level 7, -9/41 HPs)
             Began as a Gargoyle Fighter on Jan 12, 2021.
             Blown up by Ijyb (22 damage)
             ... with a disintegration bolt
             ... on level 4 of the Dungeon.
             The game lasted 00:04:59 (4040 turns).

Froggeryz the Basher (Gargoyle Fighter)             Turns: 4040, Time: 00:04:59

Health: -9/41      AC: 12    Str: 22    XL:     7   Next: 57%
Magic:  7/7        EV:  7    Int:  8    God:
Gold:   205        SH:  9    Dex:  9    Spells: 6/6 levels left

rFire    + . .     SeeInvis .   o - +0 flail (drain)
rCold    + . .     Faith    .   c - +0 kite shield
rNeg     + . .     Spirit   .   b - +0 scale mail
rPois    ∞         Reflect  .   (no helmet)
rElec    +         Harm     .   h - scarf {rC+ rF+}
rCorr    .         Rampage  .   (no gloves)
Will     .....                  l - +0 pair of boots
Stlth    ..........             g - amulet of the acrobat
HPRegen  0.13/turn              (no ring)
MPRegen  0.10/turn              (no ring)

@: no status effects
A: negative energy resistance 1, electricity resistance, unbreathing,
petrification resistance, miasma immunity, AC +4
a: no special abilities


You were on level 4 of the Dungeon.
You visited 1 branch of the dungeon, and saw 4 of its levels.

You collected 205 gold pieces.

Inventory:

Hand Weapons
 o - a +0 flail of draining (weapon)
 t - a +2 flail of holy wrath
Missiles
 m - 27 poisoned darts (quivered)
Armour
 b - a +0 scale mail (worn)
 c - a +0 kite shield (worn)
 h - a scarf of resistance (worn)
 l - a +0 pair of boots (worn)
Jewellery
 g - an amulet of the acrobat (around neck)
Wands
 u - a wand of flame (12)
Scrolls
 a - a scroll of random uselessness {unknown}
 k - 6 scrolls of identify
 n - a scroll of teleportation {unknown}
 p - a scroll of fog {unknown}
 q - a scroll of enchant armour {unknown}
 r - a scroll of enchant weapon {unknown}
 s - a scroll of fear {unknown}
 v - a scroll of noise {unknown}
 w - a scroll of amnesia {unknown}
Potions
 d - 2 potions of might
 e - 3 potions of curing {unknown}
 f - a potion of magic {unknown}
 i - a potion of flight {unknown}
 j - 3 potions of heal wounds


   Skills:
 - Level 3.2 Fighting
 * Level 8.3 Maces & Flails
 - Level 3.2 Armour
 - Level 3.2 Shields


You had 6 spell levels left.
You didn't know any spells.
Your spell library was empty.

Dungeon Overview and Level Annotations

Branches:
Dungeon (4/15)             Temple (0/1) D:4

Altars:
Hepliaklqana
Nemelex Xobeh
The Shining One

Annotations:
D:4 1 runed translucent door, Ijyb


Innate Abilities, Weirdness & Mutations

You are resistant to torment.
Your stone body is resilient. (AC +4)
You are immune to poison.
You resist negative energy. (rN+)
You are resistant to electric shocks. (rElec)
You can survive without breathing.
You are immune to petrification.
You are immune to miasma.


Message History

* * * LOW HITPOINT WARNING * * *
You closely miss Ijyb.
Ijyb is heavily wounded.
Ijyb hits you but does no damage.
You feel much better.
Ijyb hits you with a +2 dagger of venom.
You closely miss Ijyb.
Ijyb is heavily wounded.
Ijyb zaps a wand.
You are blasted!
* * * LOW HITPOINT WARNING * * *
You closely miss Ijyb.
Ijyb is heavily wounded.
Ijyb hits you but does no damage.
You feel much better.
Ijyb zaps a wand.
You are blasted!
Ouch! That really hurt!
You closely miss Ijyb.
Ijyb is heavily wounded.
Ijyb zaps a wand.
You are blasted!
Ouch! That really hurt!
You die...

.. #......... #... >.
#......... #... ..
#......... #...####
###......... #......
....######... #......
#.## #... #.....# #.#
#... #....g# #.# #...
#....@# #.# #...
##.....####.# #...
#............# ####
#.##########.###########
# ...................
###################


You could see Ijyb.

Vanquished Creatures
  A bullfrog (D:4)
  2 electric eels (D:3)
  2 orc priests
  2 hounds (D:4)
  2 orc wizards (D:4)
  A jelly (D:2)
  An iguana (D:4)
  2 worker ants (D:4)
  11 adders
  2 oozes
  4 worms
  A dart slug (D:1)
  A leopard gecko (D:2)
  18 orcs
  3 ball pythons
  5 bats
  6 giant cockroaches
  10 goblins
  7 hobgoblins
  7 jackals
  2 quokkas
  A ball python skeleton (D:4)
  5 frilled lizards
  8 kobolds
  9 rats
113 creatures vanquished.

Vanquished Creatures (others)
  A plant (D:3)
1 creature vanquished.

Grand Total: 114 creatures vanquished

Notes
Turn   | Place    | Note
-------+----------+-------------------------------------------
     0 | D:1      | Froggeryz the Gargoyle Fighter began the quest for the Orb.
     0 | D:1      | Reached XP level 1. HP: 14/14 MP: 1/1
   148 | D:1      | Reached XP level 2. HP: 19/19 MP: 2/2
   244 | D:1      | Reached skill level 3 in Maces & Flails
   540 | D:1      | Reached XP level 3. HP: 23/23 MP: 3/3
   730 | D:2      | Found a hazy altar of Hepliaklqana.
   750 | D:3      | Found a transporter.
  1006 | D:3      | Reached skill level 4 in Maces & Flails
  1449 | D:4      | Reached XP level 4. HP: 22/28 MP: 4/4
  1523 | D:3      | Reached skill level 5 in Maces & Flails
  1523 | D:3      | Reached XP level 5. HP: 13/32 MP: 5/5
  1645 | D:3      | Found a transporter.
  2027 | D:2      | Reached skill level 6 in Maces & Flails
  2042 | D:2      | Reached XP level 6. HP: 35/37 MP: 6/6
  2326 | D:2      | Found a sparkling altar of Nemelex Xobeh.
  3013 | D:3      | Reached skill level 7 in Maces & Flails
  3394 | D:4      | Reached XP level 7. HP: 41/41 MP: 7/7
  3551 | D:4      | Found a runed translucent door.
  3551 | D:4      | Noticed an angel
  3600 | D:4      | Reached skill level 8 in Maces & Flails
  3808 | D:4      | Found a glowing golden altar of the Shining One.
  4024 | D:4      | Noticed Ijyb
  4026 | D:4      | Found a staircase to the Ecumenical Temple.
  4040 | D:4      | Blown up by Ijyb

Illustrated notes

Levels and vault maps discovered:
D:1:      dpeg_arrival_ratfight, layout_basic, st_stairs_7
D:2:      layout_rooms, nemelex_altar_shiori, general_overflow_altar
D:3:      gammafunk_steamed_eel, layout_basic, serial_curves, eino_curves_03,
          eino_curves_04, gup_sewer_entry_glass, minmay_goblin_kobold_house
D:4:      layout_basic, minmay_temple_entry_from_below_a, lemuel_angel_altar,
          uniq_ijyb

Skill      XL: |  1  2  3  4  5  6  7 |
---------------+----------------------+-----
Maces & Flails | 3 4 5 6 7 8 |  8.3
Fighting       | |  3.2
Armour         | |  3.2
Shields        | |  3.2

Action                   |  1- 3 |  4- 6 |  7- 9 || total
-------------------------+-------+-------+-------++-------
Melee: Flail             |   124 |   280 |    74 ||   478
Evoke: Wand              |       |     2 |       ||     2
  Use: Scroll            |       |     4 |       ||     4
       Potion            |       |       |     4 ||     4
Armor: Scale mail        |    67 |   186 |    64 ||   317
Dodge: Dodged            |    44 |   115 |    30 ||   189
Block: Kite shield       |    68 |   159 |    54 ||   281
